 Dungeon Crawl Stone Soup version 0.26-a0-1049-g242049e08c (webtiles) character file.

Game seed: 4200703039131481690

17754 DerHolg the Fighter (level 12, -3/106 HPs)
             Began as a Ghoul Fighter on Dec 11, 2020.
             Was an Elder of Makhleb.
             Slain by a six-headed hydra (5 damage)
             ... on level 1 of the Lair of Beasts on Dec 12, 2020.
             The game lasted 01:24:29 (14599 turns).

DerHolg the Fighter (Ghoul Fighter)                Turns: 14599, Time: 01:24:29

Health: -3/106     AC: 20    Str: 21    XL:     12   Next: 51%
Magic:  16/16      EV:  5    Int:  6    God:    Makhleb [****..]
Gold:   718        SH: 12    Dex: 20    Spells: 11/11 levels left

rFire    + . .     SeeInvis .   a - +3 mace (protect)
rCold    + + .     Faith    .   c - +0 kite shield
rNeg     + + +     Spirit   .   f - +0 plate armour
rPois    ∞         Reflect  .   H - +2 helmet {Int+3}
rElec    +         Harm     .   p - +0 cloak
rCorr    .         Rampage  .   o - -1 pair of gloves "Hiavenk" {-Cast rElec rC+ Dex+8} (curse)
Will     .....     NoCast   +   B - +0 pair of boots
Stlth    ..........             (no amulet)
HPRegen  0.00/turn              (no ring)
MPRegen  0.15/turn              t - ring of protection from fire

@: very slow
A: rotting body, claws 1, cold resistance 1, negative energy resistance 3,
inhibited regeneration, torment resistance, unbreathing
a: Minor Destruction, Lesser Servant of Makhleb, Major Destruction, Renounce
Religion


You were on level 1 of the Lair of Beasts.
You worshipped Makhleb.
Makhleb was greatly pleased with you.
You visited 3 branches of the dungeon, and saw 14 of its levels.
You also visited: Ossuary.

You collected 718 gold pieces.

Inventory:

Hand Weapons
 a - a +3 mace of protection (weapon)
 q - a +3 flail
Missiles
 g - a throwing net
 l - 13 boomerangs
Armour
 c - a +0 kite shield (worn)
 d - +0 fire dragon scales
 f - a +0 plate armour (worn)
 o - the cursed -1 pair of gloves "Hiavenk" (worn) {-Cast rElec rC+ Dex+8}
   (You found it on level 8 of the Dungeon)

   It affects your dexterity (+8).
   It protects you from cold.
   It insulates you from electricity.
   It prevents spellcasting.
   It has a curse placed upon it.
 p - a +0 cloak (worn)
 B - a +0 pair of boots (worn)
 H - a +2 helmet of intelligence (worn)
Jewellery
 t - a ring of protection from fire (right hand)
 L - an uncursed amulet of guardian spirit
Wands
 k - a wand of flame (23) (quivered)
 F - a wand of polymorph (10)
 G - a wand of acid (3)
Scrolls
 h - 4 scrolls of teleportation
 j - 2 scrolls of fog
 r - 3 scrolls of fear
 s - 4 scrolls of enchant weapon
 y - 2 scrolls of magic mapping
 D - 3 scrolls of identify
Potions
 b - 4 potions of heal wounds {unknown}
 e - 3 potions of invisibility
 i - 4 potions of curing
 m - 2 potions of attraction {unknown}
 n - 2 potions of resistance {unknown}
 u - 2 potions of magic {unknown}
 v - a potion of cancellation {unknown}
 w - 3 potions of ambrosia
 x - a potion of flight {unknown}
 z - a potion of brilliance {unknown}
 A - a potion of berserk rage {unknown}
 C - a potion of mutation {unknown}
 E - 3 potions of haste {unknown}
 J - a potion of might


   Skills:
 + Level 9.7 Fighting
 + Level 9.5 Maces & Flails
 + Level 6.9 Throwing
 + Level 7.9 Armour
 + Level 8.1 Shields
 + Level 7.7 Invocations


You had 11 spell levels left.
You didn't know any spells.
Your spell library contained the following spells:

 Spells                   Type           Power        Failure   Level
 Animate Skeleton         Necr           #.....       100%        1
 Apportation              Tloc           #.....       100%        1
 Corona                   Hex            #......      100%        1
 Magic Dart               Conj           #...         100%        1
 Summon Small Mammal      Summ           #...         100%        1
 Blink                    Tloc           N/A          100%        2
 Call Imp                 Summ           #.......     100%        2
 Ensorcelled Hibernation  Hex/Ice        #.....       100%        2
 Searing Ray              Conj           #.....       100%        2
 Slow                     Hex            #.......     100%        2
 Confusing Touch          Hex            #.......     100%        3
 Conjure Flame            Conj/Fire      #.......     100%        3
 Dazzling Flash           Conj/Hex       #.....       100%        3
 Ignite Poison            Fire/Tmut/Pois #.......     100%        3
 Inner Flame              Hex/Fire       #.......     100%        3
 Mephitic Cloud           Conj/Pois/Air  #.......     100%        3
 Portal Projectile        Hex/Tloc       #.....       100%        3
 Tukima's Dance           Hex            #.......     100%        3
 Cause Fear               Hex            #.........   100%        4
 Fulminant Prism          Conj/Hex       #.........   100%        4
 Iskenderun's Mystic Bla  Conj/Tloc      #.......     100%        4
 Leda's Liquefaction      Hex/Erth       #.........   100%        4
 Fireball                 Conj/Fire      #.........   100%        5
 Starburst                Conj/Fire      #.........   100%        6
 Ignition                 Fire           #.........   100%        8
 Beastly Appendage        Tmut           Unusable     N/A         1
 Wereblood                Tmut           Unusable     N/A         2
 Spider Form              Tmut/Pois      Unusable     N/A         3
 Ice Form                 Ice/Tmut       Unusable     N/A         4
 Blade Hands              Tmut           Unusable     N/A         5

Dungeon Overview and Level Annotations

Branches:
Dungeon (11/15)            Temple (1/1) D:5            Lair (2/6) D:9
 Spider (0/4) Lair:2      Ossuary (visited)
  Swamp: Lair:2-4    Shoals: Lair:2-4       Orc: D:9-12

Altars:
Cheibriados
Dithmenos
Elyvilon
Fedhas
Gozag
Hepliaklqana
Makhleb
Qazlal
Ru
Sif Muna
Trog
Uskayaw
Wu Jian
Zin

Shops:
D:6 !   D:7 (


Innate Abilities, Weirdness & Mutations

Your body is rotting away.
You thrive by killing the living.
You are immune to poison.
You have sharp fingernails.
Your flesh is cold resistant. (rC+)
You are immune to negative energy. (rN+++)
You do not regenerate when monsters are visible.
You are immune to unholy pain and torment.
You can survive without breathing.


Message History

You block the six-headed hydra's attack.
The six-headed hydra bites you! x2
* * * LOW HITPOINT WARNING * * *
The six-headed hydra bites you but does no damage.
The six-headed hydra bites you!
* * * LOW HITPOINT WARNING * * *
The six-headed hydra bites you but does no damage.
The six-headed hydra barely misses you. The six-headed hydra bites you.
* * * LOW HITPOINT WARNING * * *
The six-headed hydra bites you but does no damage.
You block the six-headed hydra's attack.
The six-headed hydra bites you but does no damage.
The six-headed hydra bites you!
* * * LOW HITPOINT WARNING * * *
The six-headed hydra bites you but does no damage. x2
You block the six-headed hydra's attack.
The six-headed hydra barely misses you. The six-headed hydra bites you.
* * * LOW HITPOINT WARNING * * *
The six-headed hydra bites you.
You die...

#......# #... #......# ###
##... #......######≈###
#.... ##......##...≈.≈.##
##... #.......#≈≈≈≈≈≈≈≈≈###
#....
##........≈≈≈≈≈≈≈...###....
#.......≈≈≈≈≈≈≈≈≈....()...
#......≈≈≈≈≈..≈≈≈..####...
#.......≈@≈.<.≈≈≈≈.# #...
#.......D≈≈...≈≈≈..# ##(..
#......≈≈≈≈≈≈≈≈≈≈≈^# #....
#.......≈≈≈≈≈≈≈≈...# ##...
##......#..≈≈≈≈≈≈≈### #...
#P......##.≈≈≈≈..## ##...
##......###≈#≈###.# #....
#........###### ### ##...
##......## #...


You could see a six-headed hydra.

Vanquished Creatures
  A fire dragon (D:11)
  Urug (Lair:1)
  2 cyclopes (D:11)
  5 cane toads
  2 komodo dragons
  3 jumping spiders (Lair:2)
  3 blink frogs (Lair:2)
  Prince Ribbit (D:7)
  A redback (Lair:2)
  A shadow (D:11)
  21 yaks
  4 fire bats (D:11)
  9 water moccasins
  Duvessa (D:7)
  A meliai simulacrum (D:11)
  4 ice beasts
  6 orc warriors
  A phantom (D:7)
  4 black bears
  3 necrophages
  An eye of draining (D:9)
  3 wolves (Lair:1)
  4 ogres
  5 centaurs
  A big kobold (D:11)
  Blork the orc (D:5)
  7 bullfrogs
  Dowan (D:6)
  4 water moccasin zombies (Ossuary)
  3 scorpions
  6 killer bees
  15 wights
  An electric eel (D:11)
  3 howler monkeys
  2 centaur zombies
  2 quasits (D:11)
  3 hounds
  3 bullfrog skeletons
  9 jellies
  3 orc priests
  2 centaur skeletons
  14 orc wizards
  3 iguanas
  Ijyb (D:5)
  7 worker ants
  3 big kobold zombies (Ossuary)
  2 hound skeletons
  A hound zombie (D:7)
  5 mummies
  A howler monkey zombie (D:11)
  3 worker ant zombies
  A howler monkey skeleton (D:11)
  12 adders
  A shadow imp (D:9)
  2 white imps (D:5)
  An ooze (D:5)
  5 adder skeletons
  2 adder zombies
  3 worms
  8 leopard geckos
  38 orcs
  4 bats
  6 giant cockroaches
  5 gnoll zombies (Ossuary)
  8 goblins
  7 hobgoblins
  5 jackals
  2 quokkas (D:2)
  5 frilled lizards
  6 hobgoblin zombies (Ossuary)
  12 kobolds
  3 kobold zombies (Ossuary)
  2 orc zombies (Ossuary)
  A quokka zombie (D:5)
  5 rats
337 creatures vanquished.

Vanquished Creatures (collateral kills)
  A manticore (D:10)
  A bullfrog (D:10)
2 creatures vanquished.

Vanquished Creatures (others)
  51 fungi
  44 plants
  2 withered plants (D:8)
97 creatures vanquished.

Grand Total: 436 creatures vanquished

Notes
Turn   | Place    | Note
-------+----------+-------------------------------------------
     0 | D:1      | DerHolg the Ghoul Fighter began the quest for the Orb.
     0 | D:1      | Reached XP level 1. HP: 19/19 MP: 0/0
    92 | D:1      | Reached XP level 2. HP: 26/26 MP: 1/1
   547 | D:1      | Reached XP level 3. HP: 31/31 MP: 2/2
   755 | D:2      | Found a shadowy altar of Dithmenos.
  1319 | D:3      | Reached XP level 4. HP: 28/40 MP: 3/3
  1494 | D:3      | Noticed a centaur
  1515 | D:3      | Killed a centaur
  1516 | D:3      | Reached XP level 5. HP: 42/46 MP: 4/4
  2146 | D:3      | Reached XP level 6. HP: 52/53 MP: 5/5
  2614 | D:4      | Found an opulent altar of Gozag.
  3049 | D:5      | Entered Level 5 of the Dungeon
  3049 | D:5      | Noticed an ice beast
  3075 | D:5      | Killed an ice beast
  3076 | D:5      | Reached XP level 7. HP: 55/60 MP: 6/6
  3099 | D:5      | Noticed Blork the orc
  3148 | D:5      | Killed Blork the orc
  3230 | D:5      | Found a sand-covered staircase.
  3235 | Ossuary  | Entered an ossuary
  3235 | Ossuary  | Found the +5 robe of Night {Dark Will+ SInv}
  3266 | Ossuary  | Reached skill level 1 in Throwing
  3380 | Ossuary  | Reached skill level 5 in Fighting
  3518 | Ossuary  | Reached skill level 5 in Maces & Flails
  3578 | Ossuary  | Reached XP level 8. HP: 48/68 MP: 7/7
  4152 | D:5      | Found a staircase to the Ecumenical Temple.
  4159 | Temple   | Entered the Ecumenical Temple
  4169 | Temple   | Became a worshipper of Makhleb the Destroyer
  4492 | D:5      | Noticed Ijyb
  4520 | D:5      | Killed Ijyb
  4575 | D:5      | Reached skill level 1 in Invocations
  4740 | D:5      | Found a shimmering blue altar of Sif Muna.
  4784 | D:6      | Upgraded the game from 0.26-a0-1038-gfb849e850a to
                  | 0.26-a0-1049-g242049e08c
  4911 | D:6      | Found Apsebb's Distillery.
  5032 | D:6      | Found a burning altar of Makhleb.
  5153 | D:6      | Reached skill level 5 in Shields
  5467 | D:6      | Reached skill level 5 in Armour
  5643 | D:6      | Reached XP level 9. HP: 68/75 MP: 9/9
  5753 | D:6      | Found a shimmering blue altar of Sif Muna.
  6069 | D:7      | Noticed Duvessa
  6082 | D:7      | Noticed Dowan
  6174 | D:7      | Killed Duvessa
  6187 | D:6      | Killed Dowan
  6197 | D:7      | Found a blossoming altar of Fedhas.
  6210 | D:7      | Found Beni Nye's Weapon Boutique.
  6306 | D:7      | Reached * piety under Makhleb
  6439 | D:7      | Noticed Prince Ribbit
  6468 | D:7      | Killed Prince Ribbit
  6474 | D:7      | Found a hazy altar of Hepliaklqana.
  6576 | D:7      | Found a hide-covered altar of Uskayaw.
  6681 | D:7      | Found a snail-covered altar of Cheibriados.
  6822 | D:7      | Noticed a two-headed ogre
  7474 | D:8      | Reached XP level 10. HP: 84/84 MP: 11/11
  7476 | D:8      | Got a pair of spiked gloves
  7587 | D:8      | Identified the cursed -1 pair of gloves "Hiavenk" {-Cast
                  | rElec rC+ Dex+8} (You found it on level 8 of the Dungeon)
  8102 | D:9      | Reached ** piety under Makhleb
  8704 | D:9      | Reached skill level 5 in Invocations
  8757 | D:9      | Reached skill level 5 in Throwing
  8770 | D:9      | Reached *** piety under Makhleb
  8785 | D:9      | Reached XP level 11. HP: 85/94 MP: 12/14
  8904 | D:9      | Found a staircase to the Lair.
  8949 | D:9      | Found a glowing silver altar of Zin.
  9211 | D:10     | Entered Level 10 of the Dungeon
  9620 | D:10     | Noticed a manticore
  9640 | D:10     | Killed a manticore
 10323 | D:10     | Reached **** piety under Makhleb
 10544 | D:11     | Noticed a fire dragon
 10545 | D:11     | Found the +7 great mace "Firestarter" {inner flame, rF++}
 10567 | D:11     | Noticed a cyclops
 10593 | D:11     | Killed a fire dragon
 10850 | D:11     | Killed a cyclops
 10950 | D:11     | Noticed a boulder beetle
 11279 | Lair:1   | Entered Level 1 of the Lair of Beasts
 11618 | D:11     | Got a scintillating lapis lazuli ring
 11619 | D:11     | Identified the ring "Kumeq" {+Inv +Fly rPois Int-5 Dex-3
                  | SInv} (You found it on level 11 of the Dungeon)
 11674 | D:11     | Noticed a cyclops
 11701 | D:11     | Killed a cyclops
 12410 | Lair:1   | Reached XP level 12. HP: 104/104 MP: 16/16
 12811 | Lair:1   | Noticed Urug
 12871 | Lair:1   | Killed Urug
 13241 | Lair:2   | Noticed a six-headed hydra
 14307 | Lair:2   | Found a hole to the Spider Nest.
 14561 | Lair:2   | Noticed an eight-headed hydra
 14599 | Lair:1   | HP: 2/106 [six-headed hydra (4)]
 14599 | Lair:1   | Slain by a six-headed hydra

Illustrated notes

Levels and vault maps discovered:
D:1:      dpeg_arrival_rooms_a, layout_loops_ring
D:2:      layout_rooms, lemuel_crystal_altar, st_stairs_5
D:3:      layout_rooms, serial_park_tiny_1
D:4:      layout_cave_pools, nicolae_gozag_cash_rules_everything_around_me
D:5:      layout_cave_pods, led_sif_pool, minmay_temple_entry_sparse_star,
          enter_ossuary_2, uniq_ijyb, uniq_blork_the_orc
D:6:      kennysheep_orc_sif_temple, layout_layer_cave, serial_shops, shop,
          basic_altar
D:7:      layout_basic, eat_drink_and_be_merry_uskayaw,
          nicolae_overflow_crystal_walls, overflow_temple_1_default,
          serial_shops, shop, supply_closet_lemuel, fedhas_altar_1,
          uniq_duvessa, uniq_prince_ribbit1
D:8:      layout_loops_ring, serial_undead, serial_undead_f, serial_undead_e,
          serial_undead_b, serial_undead_f, serial_undead_e, serial_undead_d
D:9:      layout_rooms, kennysheep_mini, due_lair_maze_entry_diamond
D:10:     layout_long_grid
D:11:     minmay_firetagon, layout_loops_ring, kennysheep_opposing_triangles
Temple:   eino_wide_crystal_templ
Lair:1:   layout_big_grid, infiniplex_staircase_pool_2, uniq_urug
Lair:2:   layout_chaotic_city, spider_nest_entry_funnel_web, lemuel_fruit_tree

Skill      XL: |  1  2  3  4  5  6  7  8  9 10 11 12 |
---------------+-------------------------------------+-----
Maces & Flails | 2 3 4 5 6 7 8 9 |  9.5
Armour         | 3 4 5 6 7 |  7.9
Shields        | 3 4 5 6 7 8 |  8.1
Fighting       | 4 5 6 7 9 |  9.7
Throwing       | 1 3 4 5 6 |  6.9
Invocations    | 2 3 5 6 7 |  7.7

Action                   |  1- 3 |  4- 6 |  7- 9 | 10-12 || total
-------------------------+-------+-------+-------+-------++-------
Melee: Flail             |   122 |    70 |       |       ||   192
       Mace              |       |   120 |   615 |  1102 ||  1837
Throw: Boomerang         |       |       |    34 |    23 ||    57
       Throwing net      |       |       |     2 |       ||     2
Invok: Minor Destruction |       |       |       |     4 ||     4
       Lesser Servant of |       |       |       |     1 ||     1
Evoke: Wand              |       |       |       |    18 ||    18
  Use: Scroll            |       |     5 |     9 |    11 ||    25
       Potion            |       |       |     1 |     3 ||     4
 Stab: Invisible         |       |       |       |     1 ||     1
Armor: Scale mail        |    39 |       |       |       ||    39
       Plate armour      |     9 |   121 |   334 |   644 ||  1108
Dodge: Dodged            |    30 |    27 |    89 |   170 ||   316
Block: Kite shield       |    52 |   100 |   289 |   616 ||  1057

Table legend: (Time is in decaauts)
 A = Elapsed time spent in this place.
 B = Non-inter-level travel time spent in this place.
 C = Inter-level travel time spent in this place.
 D = Time resting spent in this place.
 E = Time spent auto-exploring this place.
 F = Levels seen in this place.
 G = Mean time per level.
                   A        B        C        D        E       F      G
               +--------+--------+--------+--------+--------+-----+--------+
         Total |  14899 |  14433 |    466 |   2815 |   7195 |  15 |  993.3 |
       Dungeon |  11985 |  11533 |    452 |   1951 |   6123 |  11 | 1089.5 |
        Temple |     20 |     20 |      0 |      0 |      2 |   1 |   20.0 |
          Lair |   2358 |   2345 |     13 |    864 |    793 |   2 | 1179.0 |
       Ossuary |    535 |    535 |      0 |      0 |    276 |   1 |  535.0 |
               +--------+--------+--------+--------+--------+-----+--------+

Top non-repeatable levels by time:
  Lair:1: 1705 daAuts
     D:5: 1454 daAuts
    D:10: 1394 daAuts
     D:6: 1390 daAuts
    D:11: 1355 daAuts
     D:8: 1284 daAuts
     D:3: 1185 daAuts
     D:9: 1156 daAuts
     D:7: 772 daAuts
     D:1: 752 daAuts
     D:4: 661 daAuts
  Lair:2: 652 daAuts
     D:2: 575 daAuts
 Ossuary: 535 daAuts
  Temple: 20 daAuts
